Map: Chain of Ascension

Players

Yuriprime

  • Race: Zerg Zerg
  • Spawn Location: 11:00

TheOutsider

  • Race: Terran Terran
  • Spawn Location: 11:00

VOD

Have the link to the VOD?

Description

Time

  • Played on: Aug. 27, 2017, 2:31 a.m.
  • Length: 18:16
Show
View Real Time Build Order
Export as new Build Order

Yuriprime Zerg 

Build Orders:  

Get SALT Encoding   

  12  0:04  Drone  
  13  0:12  Drone  
  14  0:27  Drone, Extractor  
  14  0:29  Extractor  
  13  0:31  Drone  
  16  1:06  Hatchery  
  15  1:12  Overlord  
  15  1:37  Drone  
  15  1:38  Drone x3  
  19  1:47  Drone  
  20  1:57  Extractor  
  19  2:01  Drone  
  19  2:06  Spawning Pool  
  14  2:10  Drone  
  19  2:16  Extractor  
  19  2:17  Drone  
  20  2:21  Drone  
  21  2:31  Drone  
  21  2:38  Drone  
  23  2:48  Drone  
  24  2:50  Queen  
  24  2:54  Drone  
  27  3:04  Overlord  
  27  3:11  Drone  
  28  3:21  Lair  
  28  3:31  Drone x2  
  30  3:41  Evolution Chamber  
  30  3:45  Evolution Chamber  
  30  3:49  Drone  
  29  4:07  Drone  
  29  4:08  Drone x3  
  33  4:27  Drone x3  
  36  4:47  Overlord  
  36  5:01  Chain Reaction, Heroic Fortitude  
  36  5:02  Extractor  
  36  5:05  Hatchery, Hive  
  36  5:08  Extractor  
  33  5:22  Drone  
  33  5:23  Drone x4  
  38  5:35  Drone x3  
  41  5:47  Drone  
  41  5:48  Drone x2  
  44  6:06  Nydus Network  
  43  6:15  Drone x3  
  43  6:16  Drone  
  47  6:32  Hydralisk Den  
  47  6:34  Ability Efficiency  
  47  6:35  Zerg Missile Weapons Level 1  
  46  6:43  Overlord  
  46  7:09  Overlord x3  
  46  7:14  Frenzy  
  46  7:17  Nydus Network  
  45  7:27  Drone x2  
  45  7:28  Drone  
  48  7:32  Drone x3  
  48  7:37  Zerg Ground Armor Level 1  
  51  7:45  Omega Worm  
  57  8:02  Hydralisk x3, Muscular Augments  
  57  8:18  Hydralisk x2  
  57  8:19  Hydralisk  
  63  8:26  Ancillary Carapace  
  67  8:33  Omega Worm  
  67  8:34  Hydralisk x2  
  67  8:42  Zerg Missile Weapons Level 2  
  67  8:46  Zerg Ground Armor Level 2  
  67  8:49  Overlord  
  67  8:50  Overlord x4  
  67  8:51  Overlord  
  67  9:13  Omega Worm  
  67  9:27  Overlord x2  
  79  9:31  Hydralisk x3  
  79  9:32  Hydralisk x3  
  77  9:42  Hydralisk  
  77  9:43  Hydralisk  
  77  9:44  Overlord, Hydralisk  
  77  9:45  Overlord  
  77  9:46  Omega Worm  
  77  9:49  Hydralisk  
  93  10:20  Overlord  
  93  10:24  Hydralisk  
  93  10:25  Hydralisk x6  
  99  10:42  Hydralisk  
  99  10:43  Hydralisk x2  
  93  11:05  Hydralisk  
  93  11:06  Hydralisk x2  
  97  11:21  Omega Worm  
  105  11:40  Hydralisk  
  105  11:41  Hydralisk x4  
  117  12:11  Omega Worm  
  117  12:14  Hydralisk x6  
  117  12:29  Omega Worm  
  125  13:10  Hydralisk  
  125  13:11  Hydralisk x7  
  125  13:12  Hydralisk  
  125  13:18  Omega Worm  
  125  13:23  Zerg Missile Weapons Level 3  
  125  13:49  Omega Worm  
  115  14:09  Hydralisk  
  125  14:10  Hydralisk x6  
  125  14:11  Hydralisk x8  
  123  14:29  Hydralisk x2  
  135  14:30  Hydralisk x3  
  135  14:31  Hydralisk  
  133  15:02  Zerg Ground Armor Level 3  
  149  16:00  Hydralisk  
  149  16:01  Hydralisk x10  
  149  16:35  Omega Worm  
  149  17:11  Omega Worm  
  169  17:32  Hydralisk  
  169  17:33  Hydralisk x6  
  169  17:34  Hydralisk x5  
Show
View Real Time Build Order
Export as new Build Order

TheOutsider Terran 

Build Orders:  

Get SALT Encoding   

  12  0:10  SCV  
Tags
 
Add a new tag
Caveats
  • Supply blocks, unpowered buildings, or Contaminate may cause inaccurate times.
  • Supply counts are checked every 10 seconds.